 Dungeon Crawl Stone Soup version 0.16.1-18-g436b03c (webtiles) character file.

257 Mummra the Sneak (level 6, 0/38 HPs)
             Began as an Octopode Wanderer on May 9, 2015.
             Succumbed to poison (a potion of poison)
             ... on level 4 of the Dungeon.
             The game lasted 00:08:28 (4189 turns).

Mummra the Sneak (Octopode Wanderer)                Turns: 4189, Time: 00:08:28

Health: 0/38       AC:  1    Str: 13    XL:     6   Next: 16%
Magic:  8/8        EV: 11    Int: 20    God:
Gold:   146        SH:  0    Dex: 11    Spells: 0 memorised, 7 levels left

rFire  + . .     SeeInvis .     v - +0 halberd
rCold  + . .     Clarity  .     (no shield)
rNeg   . . .     SustAb   .     (helmet restricted)
rPois  +         Gourm    .     (no amulet)
rElec  +         Spirit   .     (no ring)
rCorr  +         Warding  .     (no ring)
rMut   .         Stasis   .     (no ring)
MR     .....                    (no ring)
Stlth  ++++......               (no ring)
                                (no ring)
                                (no ring)
                                (no ring)

@: brilliant, lethally poisoned (0 -> -9), exhausted, resistant, slowed, very
slow, not resistant to hostile enchantments, stealthy
A: almost no armour, amphibious, 8 rings, constrict 8, camouflage 1, gelatinous
body 1
a: no special abilities


You were on level 4 of the Dungeon.
You were not hungry.

You visited 1 branch of the dungeon, and saw 4 of its levels.

You collected 146 gold pieces.

Inventory:

Hand weapons
 b - a +0 spear
 e - a +0 dagger
 h - a +0 dagger
   (You took it off a goblin on level 1 of the Dungeon)
 i - a +0 spear
   (You found it on level 1 of the Dungeon)
 o - a -1 mace
   (You found it on level 2 of the Dungeon)
 v - a +0 halberd (weapon)
   (You took it off a gnoll on level 3 of the Dungeon)
Missiles
 g - 2 stones
 k - 23 arrows
 m - 7 needles of paralysis
 s - 3 poisoned javelins (quivered)
 t - 4 curare-tipped needles
Scrolls
 c - 2 scrolls of teleportation
 d - a scroll of identify
 l - a scroll of magic mapping {!r}
 n - a scroll of fear
 r - 3 scrolls of random uselessness {unknown}
Comestibles
 f - 4 bread rations {@e1}
 q - 2 fruits
 u - a meat ration {@e2}


   Skills:
 - Level 1.0 Fighting
 - Level 2.1 Maces & Flails
 + Level 3.6 Polearms
 + Level 6.1 Stealth
 - Level 2.0 Unarmed Combat
 - Level 1.0 Spellcasting
   Level 4.0 Ice Magic


You had 7 spell levels left.
You didn't know any spells.

Dungeon Overview and Level Annotations

Branches:
Dungeon (4/15)
 Temple: D:4-7

Altars:
Sif Muna


Innate Abilities, Weirdness & Mutations

You cannot wear most types of armour.
You are amphibious.
You can wear up to eight rings at the same time.
You can use your tentacles to constrict many enemies at once.
Your skin changes colour to match your surroundings (Stealth).
Your rubbery body absorbs attacks (AC +1).


Message History

You climb downwards.
There is a stone staircase leading up here.
Unknown command.
A rat and a worker ant come into view.
The worker ant twitches its antennae in your direction.
The rat twitches its whiskers.
Attack whom?
Aim: a rat You reach to attack!
You barely miss the rat. You barely miss the rat. You grab the rat.
You squeeze the rat.
You kill the rat!
Attack whom?
Aim: a worker ant You reach to attack!
You hit the worker ant but do no damage.
You hit the worker ant. Your grab misses the worker ant.
The worker ant closely misses you. The worker ant bites you.
You take 4 damage, and have 34/38 hp.
You barely miss the worker ant. You grab the worker ant.
You constrict the worker ant, but do no damage.
The worker ant bites you. The worker ant closely misses you.
You take 3 damage, and have 31/38 hp.
You hit the worker ant but do no damage.
You constrict the worker ant. The worker ant bites you!
You are poisoned.
The worker ant poisons you!
You take 7 damage, and have 24/38 hp.
You hit the worker ant but do no damage.
You squeeze the worker ant, but do no damage.
You constrict the worker ant, but do no damage.
You feel sick. The worker ant bites you. The worker ant bites you.
You take 5 damage, and have 19/38 hp.
You hit the worker ant but do no damage.
You constrict the worker ant.
You feel sick. The worker ant bites you.
You take 7 damage, and have 12/38 hp.
Unknown command.
You release your grip on the worker ant.
You feel sick.
You take 1 damage, and have 11/38 hp.
Drink which item? (? for menu, Esc to quit)
Really quaff
a - a potion of berserk rage {!q}? [Y]es or [N]o only, please.
Really quaff
a - a potion of berserk rage {!q}? [Y]es or [N]o only, please.
Really quaff
a - a potion of berserk rage {!q}? [Y]es or [N]o only, please.
Really quaff
a - a potion of berserk rage {!q}? [Y]es or [N]o only, please.
Really quaff
a - a potion of berserk rage {!q}?
Drink which item? (? for menu, Esc to quit)
You can't drink that!
Unknown command.
Drink which item? (? for menu, Esc to quit)
Really quaff
a - a potion of berserk rage {!q}?
A red film seems to cover your vision as you go berserk!
You feel yourself moving faster!
You feel mighty!
You feel sick. The worker ant closely misses you. The worker ant bites you!
* * * LOW HITPOINT WARNING * * *
You now have 9/57 hp.
You closely miss the worker ant. You grab the worker ant.
You constrict the worker ant. The worker ant barely misses you.
You slice the worker ant!!
You kill the worker ant!
Your Stealth skill increases to level 6!
You feel sick.
You take 1 damage, and have 8/57 hp.
You see here a worker ant corpse.
You start resting.
You feel a strong urge to attack something.
You start resting.
You feel your anger subside.
You are no longer berserk.
You are exhausted.
You feel yourself slow down.
You feel sick.
You now have 6/38 hp.
Unknown command.
Drink which item? (? for menu, Esc to quit)
It was a potion of poison.
That liquid tasted very nasty...
You are lethally poisoned!
* * * LOW HITPOINT WARNING * * *
You feel sick.
You take 1 damage, and have 5/38 hp.
You butcher the worker ant corpse.
* * * LOW HITPOINT WARNING * * *
You feel sick.
You see here a chunk of flesh {@w0}.
You take 2 damage, and have 3/38 hp.
Unknown command.
There is a lethal amount of poison in your body!
Drink which item? (? for menu, Esc to quit)
It was a potion of resistance.
You feel protected.
* * * LOW HITPOINT WARNING * * *
You feel sick.
You take 1 damage, and have 2/38 hp.
Drink which item? (? for menu, Esc to quit)
You feel clever all of a sudden.
You die...

#.# ... ..
#.# .. .#
######†###
#...@....#
#.####.#.#
#<# .# ###
.# .# .#
.# .. #


There were no monsters in sight!

Vanquished Creatures
  2 worker ants
  7 gnolls
  5 adders
  3 worms
  2 giant geckos
  An ooze (D:1)
  2 orcs (D:3)
  8 bats
  4 giant cockroaches
  2 hobgoblins (D:1)
  A jackal (D:2)
  8 kobolds
  A ball python (D:2)
  6 giant newts
  7 goblins
  A quokka (D:2)
  13 rats
73 creatures vanquished.

Notes
Turn   | Place    | Note
--------------------------------------------------------------
     0 | D:1      | Mummra, the Octopode Wanderer, began the quest for the Orb.
     0 | D:1      | Mummra set off with: 2 potions of berserk rage {!q}, a +0 spear, a scroll of teleportation, a +0 dagger, a bread ration {@e1}
     0 | D:1      | Reached XP level 1. HP: 13/13 MP: 2/2
   147 | D:1      | Reached skill level 1 in Polearms
   261 | D:1      | Reached XP level 2. HP: 18/18 MP: 3/3
   344 | D:1      | Reached skill level 2 in Polearms
   652 | D:1      | Reached skill level 3 in Stealth
   734 | D:1      | Reached XP level 3. HP: 23/23 MP: 4/4
  1478 | D:2      | Reached skill level 4 in Stealth
  1478 | D:2      | Reached XP level 4. HP: 24/28 MP: 5/5
  1742 | D:2      | Reached skill level 1 in Maces & Flails
  2431 | D:2      | Reached XP level 5. HP: 22/33 MP: 7/7
  2635 | D:2      | Reached skill level 2 in Maces & Flails
  2635 | D:2      | Reached skill level 5 in Stealth
  3314 | D:3      | Found a deep blue altar of Sif Muna.
  3412 | D:3      | Reached skill level 3 in Polearms
  3612 | D:3      | HP: 5/33 [gnoll/club (5)]
  3899 | D:3      | Reached XP level 6. HP: 38/38 MP: 8/8
  4179 | D:4      | HP: 9/57 [worker ant (7)]
  4181 | D:4      | Reached skill level 6 in Stealth
  4185 | D:4      | HP: 6/38 [poisoned by a worker ant]
  4188 | D:4      | HP: 2/38 [poison (a potion of poison)]
  4189 | D:4      | Succumbed to poison (a potion of poison)

Action                   |  1- 3 |  4- 6 || total
-------------------------+-------+-------++-------
Melee: Spear             |    78 |    39 ||   117
       Mace              |     3 |    52 ||    55
       Halberd           |       |    27 ||    27
Throw: Javelin           |       |     1 ||     1
  Use: Scroll            |     2 |     3 ||     5
       Potion            |       |     7 ||     7
 Stab: Sleeping          |    14 |     7 ||    21
  Eat: Chunk             |     1 |     6 ||     7
       Bread ration      |       |     1 ||     1

Vault maps used:
D:1:      dpeg_arrival_tiny_f
D:2:      first_bread, minmay_circled_x
D:3:      led_sif_book
D:4:      cheibriados_altar_1, lemuel_old_faithful

Table legend:
 A = Turns spent in this place as a percentage of turns spent in the entire game.
 B = Non-inter-level travel turns spent in this place as a percentage of non-inter-level travel turns spent in the entire game.
 C = Inter-level travel turns spent in this place as a percentage of turns spent in this place.
 D = Turns resting spent in this place as a percentage of non-inter-level travel turns spent in this place.
 E = Turns spent auto-exploring this place as a percentage of non-inter-level travel turns spent in this place.
 F = Non-inter-level travel turns spent in this place divided by the number of levels of this place that you've seen.
                   A       B       C       D       E      F
               +-------+-------+-------+-------+-------+----------------------
         Total | 100.0 | 100.0 |   0.5 |   5.7 |   6.1 | 274.2
       Dungeon | 100.0 | 100.0 |   0.5 |   5.7 |   6.1 | 274.2
               +-------+-------+-------+-------+-------+----------------------

Table legend:
 A = Kills in this place as a percentage of kills in entire the game.
 B = Kills by you in this place as a percentage of kills by you in the entire game.
 C = Kills by friends in this place as a percentage of kills by friends in the entire game.
 D = Other kills in this place as a percentage of other kills in the entire game.
 E = Experience gained in this place as a percentage of experience gained in the entire game.
 F = Experience gained in this place divided by the number of levels of this place that you have seen.
                   A       B       C       D       E      F
               +-------+-------+-------+-------+-------+----------------------
         Total | 100.0 | 100.0 |  -nan |  -nan | 100.0 |  92.0
       Dungeon | 100.0 | 100.0 |  -nan |  -nan | 100.0 |  92.0
               +-------+-------+-------+-------+-------+----------------------
